 Dungeon Crawl Stone Soup version 0.30-b1-2-g02819fbbbe (webtiles) character file.

Game seed: 16655282343200045907

6010 qborf the Jinx (level 11, -3/81 HPs)
             Began as a Formicid Enchanter on May 14, 2023.
             Was an Elder of Cheibriados.
             Slain by a troll (17 damage)
             ... on level 8 of the Dungeon.
             The game lasted 00:25:31 (10014 turns).

qborf the Jinx (Formicid Enchanter)                Turns: 10014, Time: 00:25:31

Health: -3/81      AC:  6    Str: 23    XL:     11   Next: 10%
Magic:  7/19       EV: 18    Int: 35    God:    Cheibriados [****..]
Gold:   454        SH:  0    Dex: 24    Spells: 8/21 levels left

rFire   . . .        b - +0 dagger (venom)
rCold   . . .        (no shield)
rNeg    . . .        L - +0 steam dragon scales
rPois   .            (helmet unavailable)
rElec   .            (no cloak)
rCorr   .            f - +0 pair of gloves
SInv    +            (no boots)
Will    +....        (no amulet)
Stlth   ++++         y - +6 ring of intelligence
HPRegen 0.33/turn    o - +5 ring of evasion
MPRegen 0.16/turn

%: no passive effects
@: very slow
A: permanent stasis, dig shafts and tunnels, antennae 3, four strong arms
a: Dig, Shaft Self, Renounce Religion, Bend Time, Temporal Distortion, Slouch


You were on level 8 of the Dungeon.
You worshipped Cheibriados.
Cheibriados was greatly pleased with you.
You visited 2 branches of the dungeon, and saw 10 of its levels.
You also visited: Ossuary.

You collected 454 gold pieces.

Inventory:

Hand Weapons
 a - a +1 dagger
 b - a +0 dagger of venom (weapon)
 w - a +1 dagger of freezing
 E - a +9 spear
Missiles
 e - 30 poisoned darts (quivered)
 r - 2 throwing nets
 z - 5 javelins
Armour
 f - a +0 pair of gloves (worn)
 v - a +0 leather armour of fire resistance
 F - a +0 kite shield
 H - +0 acid dragon scales
 L - +0 steam dragon scales (worn)
 M - a scarf of invisibility
Magical Staves
 n - a staff of death
Jewellery
 g - a ring of flight
 j - a ring of protection from fire
 o - a +5 ring of evasion (right hand)
 y - a +6 ring of intelligence (left hand)
 B - a +6 ring of dexterity
 T - a ring of protection from cold
Wands
 d - a wand of quicksilver (6)
 A - a wand of charming (9)
 D - a wand of flame (10)
 I - a wand of mindburst (5)
 Q - a wand of iceblast (7)
Scrolls
 h - 2 scrolls of enchant weapon
 i - 2 scrolls of poison
 m - a scroll of brand weapon
 p - 2 scrolls of fog
 q - 2 scrolls of enchant armour
 s - 2 scrolls of amnesia
 t - 2 scrolls of immolation
 u - 2 scrolls of vulnerability
 x - 8 scrolls of magic mapping
 C - a scroll of summoning
 P - 2 scrolls of torment
 S - a scroll of identify
Potions
 c - 2 potions of invisibility
 k - 2 potions of lignification
 l - a potion of curing
 G - 2 potions of mutation
 J - a potion of magic
 K - a potion of resistance
 N - 4 potions of might
 O - 2 potions of attraction
 R - a potion of berserk rage


   Skills:
 + Level 5.9 Fighting
 - Level 6.0 Short Blades
 - Level 1.7 Dodging
 + Level 8.2 Stealth
 + Level 4.7 Shields
 + Level 5.8 Spellcasting
 * Level 10.2 Hexes
 - Level 4.0 Transmutations
 - Level 3.0 Ice Magic
 + Level 5.6 Invocations


You had 8 spell levels left.
You knew the following spells:

 Your Spells              Type           Power      Damage    Failure   Level
a - Ensorcelled Hibernat  Hex/Ice        100%       N/A       1%          2
b - Confusing Touch       Hex            70%        N/A       1%          3
c - Tukima's Dance        Hex            70%        N/A       1%          3
d - Yara's Violent Unrav  Hex/Tmut       28%        3d12      5%          5

Your spell library contained the following spells:

 Spells                   Type           Power      Damage    Failure   Level
 Dazzling Flash           Conj/Hex       92%        N/A       1%          3
 Portal Projectile        Hex/Tloc       92%        N/A       1%          3
 Passwall                 Tmut/Erth      20%        N/A       2%          2
 Sandblast                Erth           20%        2d7       3%          1
 Leda's Liquefaction      Hex/Erth       23%        N/A       4%          4
 Call Canine Familiar     Summ           10%        N/A       12%         3
 Stone Arrow              Conj/Erth      20%        3d8       12%         3
 Blade Hands              Tmut           19%        N/A       21%         5
 Animate Dead             Necr           10%        N/A       36%         4
 Passage of Golubria      Tloc           10%        N/A       36%         4
 Borgnjor's Vile Clutch   Necr/Erth      5%         N/A       71%         5
 Summon Forest            Summ/Tloc      5%         N/A       71%         5
 Eringya's Noxious Bog    Tmut/Pois      12%        N/A       95%         6
 Death Channel            Necr           5%         N/A       99%         6
 Summon Hydra             Summ           5%         N/A       100%        7


Dungeon Overview and Level Annotations

Branches:
Dungeon (9/15)             Temple (1/1) D:4            Lair (0/5) D:8
Ossuary (visited)
    Orc: D:9-12

Altars:
Ashenzari
Cheibriados
Dithmenos
Elyvilon
Hepliaklqana
Kikubaaqudgha
Makhleb
Nemelex Xobeh
Okawaru
Qazlal
Ru
Sif Muna
Uskayaw
Vehumet
Xom
Yredelemnul
Zin
The Shining One

Shops:
D:8 (   D:9 (


Innate Abilities, Weirdness & Mutations

You cannot be hasted, slowed, berserked, paralysed or teleported.
You can dig through walls and to a lower floor.
You have a pair of large antennae on your head. (SInv)
Your four strong arms can wield two-handed weapons with a shield.


Message History

The troll struggles to resist.
Casting: Ensorcelled Hibernation (safe; 1% risk of failure)
Confirm with . or Enter, or press ? or * to list all spells.
Aiming: Ensorcelled Hibernation (safe; 1% risk of failure)
Press: ? - help, Shift-Dir - straight line, f/p - troll
Aim: a troll (chance to affect: 71%)
The troll struggles to resist.
The troll bites you! The troll misses you. The troll claws you.
Casting: Ensorcelled Hibernation (safe; 1% risk of failure)
Confirm with . or Enter, or press ? or * to list all spells.
Aiming: Ensorcelled Hibernation (safe; 1% risk of failure)
Press: ? - help, Shift-Dir - straight line, f/p - troll
Aim: a troll (chance to affect: 71%)
The troll struggles to resist.
The troll bites you. The troll misses you.
The troll claws you but does no damage.
Casting: Ensorcelled Hibernation (safe; 1% risk of failure)
Confirm with . or Enter, or press ? or * to list all spells.
Aiming: Ensorcelled Hibernation (safe; 1% risk of failure)
Press: ? - help, Shift-Dir - straight line, f/p - troll
Aim: a troll (chance to affect: 71%)
The troll struggles to resist.
The troll bites you! The troll misses you. x2
Casting: Ensorcelled Hibernation (safe; 1% risk of failure)
Confirm with . or Enter, or press ? or * to list all spells.
Aiming: Ensorcelled Hibernation (safe; 1% risk of failure)
Press: ? - help, Shift-Dir - straight line, f/p - troll
Aim: a troll (chance to affect: 71%)
The troll struggles to resist.
The troll bites you! The troll completely misses you. The troll claws you!
The troll closely misses you. x2; The troll misses you.
You climb upwards.
There is a stone staircase leading down here.
Casting: Ensorcelled Hibernation (safe; 1% risk of failure)
Confirm with . or Enter, or press ? or * to list all spells.
Your hands begin to glow red.
The troll bites you! The troll closely misses you. The troll claws you.
You hit the troll but do no damage.
The troll appears confused.
The troll bites you!
* * * LOW HITPOINT WARNING * * *
The troll completely misses you. x2; The troll bites you!
You die...

##......##)....# #........
###########'####### #........
####.....)....# ##....###
###....###.####.#######...#...
#..........####.##...##...#...
####.#..........##.##...##...#...
#..........####.##......##....###
#.##..#.......#T#####...#........
#.#..##...###.#>@....#.##........
....###.......#>.###.#.##........
...##.'.......#### #...######....
..#.###..........# ##### #...#...
.##..##.......##'### #...#...
###(..#.......#....# #...#...
#.'..[........#....# #####....
###...#......##....# #........
.##..##......###'### #........


You could see a troll (confused).

Vanquished Creatures
  Erica (D:8)
  Maggie (D:7)
  Psyche (D:8)
  Sigmund (D:2)
  A wyvern (D:8)
  A wraith (Ossuary)
  Grum (D:8)
  4 yaks (D:9)
  A steam dragon (D:7)
  2 acid dragons
  3 water moccasins
  2 ice beasts
  A black bear (D:8)
  5 sky beasts
  2 ogres
  A centaur (D:7)
  2 wolves (D:8)
  2 phantoms
  2 kobold brigands
  A bullfrog (D:6)
  A gnoll sergeant (D:6)
  2 scorpions
  4 killer bees
  3 vampire bats (D:3)
  7 electric eels
  2 howler monkeys
  2 hounds
  An orc priest (D:7)
  A jelly (D:4)
  Jessica (D:3)
  3 iguanas
  Natasha (D:3)
  5 orc wizards
  2 mummies
  2 gnolls (D:6)
  4 adders
  2 white imps (D:5)
  2 ufetubi
  A dart slug (D:5)
  18 orcs
  4 bat skeletons (D:3)
  2 bat zombies (D:3)
  6 endoplasms
  2 giant cockroaches
  8 goblins
  9 hobgoblins
  11 jackals
  22 kobolds
  A quokka (D:3)
  8 ball pythons
  A bat (D:1)
  3 frilled lizards
  6 gnoll skeletons (Ossuary)
  A hobgoblin zombie (D:8)
  8 kobold skeletons (Ossuary)
  A kobold zombie (D:8)
  11 orc skeletons (Ossuary)
  4 rats
207 creatures vanquished.

Vanquished Creatures (collateral kills)
  An orc warrior (D:7)
  An ogre (D:4)
  A gnoll (D:6)
  2 orcs
5 creatures vanquished.

Vanquished Creatures (others)
  A dancing weapon (D:8)
  123 plants
124 creatures vanquished.

Grand Total: 336 creatures vanquished

Notes
Turn   | Place    | Note
-------+----------+-------------------------------------------
     0 | D:1      | qborf the Formicid Enchanter began the quest for the Orb.
     0 | D:1      | Reached XP level 1. HP: 13/13 MP: 3/3
   144 | D:1      | Reached XP level 2. HP: 7/19 MP: 5/5
   156 | D:1      | Learned a level 2 spell: Ensorcelled Hibernation
   776 | D:1      | Reached XP level 3. HP: 25/25 MP: 3/6
   926 | D:2      | Reached skill level 1 in Ice Magic
   956 | D:2      | Noticed Sigmund
   996 | D:1      | Learned a level 3 spell: Confusing Touch
  1070 | D:2      | Reached skill level 4 in Hexes
  1315 | D:3      | Reached skill level 1 in Fighting
  1464 | D:3      | Reached XP level 4. HP: 32/32 MP: 4/7
  1529 | D:3      | Found an ancient bone altar of Kikubaaqudgha.
  1578 | D:3      | Reached XP level 5. HP: 30/37 MP: 1/9
  1875 | D:3      | Noticed Natasha
  1891 | D:3      | Killed Natasha
  1892 | D:3      | Reached XP level 6. HP: 18/44 MP: 2/10
  2023 | D:3      | Found a faded altar of an unknown god.
  2243 | D:3      | Noticed Jessica
  2248 | D:3      | Killed Jessica
  2314 | D:4      | Noticed an ice beast
  2563 | D:4      | Reached skill level 5 in Hexes
  3067 | D:2      | Killed Sigmund
  3068 | D:2      | Reached skill level 5 in Stealth
  3068 | D:2      | Reached XP level 7. HP: 50/50 MP: 6/11
  3225 | D:4      | Found a staircase to the Ecumenical Temple.
  3233 | Temple   | Entered the Ecumenical Temple
  3237 | Temple   | Became a worshipper of Cheibriados the Contemplative
  3520 | D:4      | Learned a level 3 spell: Tukima's Dance
  3564 | D:4      | Reached skill level 1 in Invocations
  3593 | D:4      | Reached XP level 8. HP: 30/57 MP: 0/13
  3698 | D:4      | Found a stormy altar of Qazlal.
  3705 | D:4      | Reached skill level 6 in Hexes
  3948 | D:4      | Reached * piety under Cheibriados
  4002 | D:4      | You are sucked into a shaft and drop 1 floor!
  4002 | D:5      | Entered Level 5 of the Dungeon
  5110 | D:6      | Reached skill level 7 in Hexes
  5164 | D:6      | Learned a level 5 spell: Yara's Violent Unravelling
  5182 | D:6      | Reached XP level 9. HP: 64/64 MP: 12/15
  5347 | D:6      | Reached skill level 5 in Short Blades
  5512 | D:6      | Reached ** piety under Cheibriados
  5513 | D:6      | Reached skill level 1 in Transmutations
  5542 | D:6      | Found a shadowy altar of Dithmenos.
  6049 | D:6      | Found a broken altar of Ashenzari.
  6196 | D:5      | Reached skill level 1 in Shields
  6681 | D:7      | Reached skill level 8 in Hexes
  6825 | D:7      | Noticed Maggie
  6948 | D:7      | Killed Maggie
  6949 | D:7      | Reached XP level 10. HP: 26/73 MP: 12/17
  7359 | D:7      | Reached skill level 5 in Spellcasting
  7442 | D:7      | Reached *** piety under Cheibriados
  7709 | D:7      | Reached skill level 9 in Hexes
  7738 | D:7      | Reached skill level 5 in Fighting
  8138 | D:8      | Found Pahaizir's Hydra Hut.
  8141 | D:8      | Noticed a four-headed hydra
  8142 | D:8      | Noticed Psyche
  8143 | D:8      | Noticed Grum
  8225 | D:8      | Noticed Erica
  8245 | D:8      | Killed Erica
  8246 | D:8      | Reached skill level 5 in Invocations
  8288 | D:8      | Found a sand-covered staircase.
  8440 | Ossuary  | Entered an ossuary
  9161 | D:8      | Reached **** piety under Cheibriados
  9166 | D:8      | Killed Grum
  9323 | D:8      | Found a sparkling altar of Nemelex Xobeh.
  9711 | D:8      | Found a staircase to the Lair.
  9750 | D:8      | Killed Psyche
  9751 | D:8      | Reached skill level 10 in Hexes
  9751 | D:8      | Reached XP level 11. HP: 40/79 MP: 16/19
  9996 | D:9      | Found Sari's Weapon Emporium.
  9997 | D:9      | Noticed a two-headed ogre
 10014 | D:8      | Slain by a troll

Illustrated notes

Levels and vault maps discovered:
D:1:      roderic_crop_circles_arrival_large, layout_rooms
D:2:      layout_rooms, minmay_close_crescents, uniq_sigmund
D:3:      layout_rooms, kennysheep_vampire_church,
          hellmonk_ecumenical_altar_lost_god, uniq_jessica, uniq_natasha
D:4:      layout_cave_pods, nicolae_qazlal_beasts_of_the_sky,
          minmay_temple_entry_metal_lava
D:5:      cheibrodos_two_vegetables, layout_loops_ring
D:6:      layout_basic, mainiacjoe_overflow_swirl, serial_bayou,
          serial_bayou_crossing, serial_bayou_shore_b, serial_bayou_lagoon_a,
          serial_bayou_lake_a
D:7:      layout_cave_pools, uniq_maggie
D:8:      nicolae_hitomezashi [nicolae_hito_row, nicolae_hito_row,
          nicolae_hito_row, nicolae_hito_row, nicolae_hito_row,
          nicolae_hito_row, nicolae_hito_row, nicolae_hito_row,
          nicolae_hito_row, nicolae_hito_row, nicolae_hito_row,
          nicolae_hito_row, nicolae_hito_row, nicolae_hito_row,
          nicolae_hito_row, nicolae_hito_row, nicolae_hito_row,
          nicolae_hito_row], layout_basic, overflow_temple_1_default,
          nicolae_ossuary_entry_giza, doesnt_shop_hydraphobe, uniq_grum,
          uniq_psyche, uniq_erica
D:9:      layout_small_grid, orc_0_dummy, serial_shops,
          nicolae_inconvenience_store, shop,
          nicolae_shop_temple_entry_statues_fountains, shop, shop,
          uniq_prince_ribbit1
Temple:   nicolae_temple_x_marks_the_god

Skill      XL: |  1  2  3  4  5  6  7  8  9 10 |
---------------+-------------------------------+-----
Ice Magic      | 1 2 3 |  3.0
Hexes          | 4 5 7 8 10 | 10.2
Fighting       | 1 2 3 4 5 |  5.9
Stealth        | 4 5 6 7 8 |  8.2
Short Blades   | 2 3 4 6 |  6.0
Spellcasting   | 3 4 5 |  5.8
Invocations    | 1 2 4 5 |  5.6
Transmutations | 2 4 |  4.0
Shields        | 2 4 |  4.7
Dodging        | |  1.7

Action                     |  1- 3 |  4- 6 |  7- 9 | 10-12 || total
---------------------------+-------+-------+-------+-------++-------
  Melee: Dagger            |   113 |   136 |   171 |   183 ||   603
         Punch             |     2 |     1 |     4 |     2 ||     9
  Throw: Dart              |       |     1 |     4 |     8 ||    13
   Cast: Ensorcelled Hiber |    18 |    15 |    36 |    51 ||   120
         Confusing Touch   |       |    13 |    14 |    29 ||    56
         Tukima's Dance    |       |       |     4 |     5 ||     9
Ability: Dig               |       |       |     1 |     1 ||     2
  Evoke: Wand              |       |       |    11 |     1 ||    12
    Use: Potion            |     1 |     1 |       |     2 ||     4
         Scroll            |       |    10 |     5 |     7 ||    22
   Stab: Invisible         |     1 |       |       |       ||     1
         Sleeping          |    13 |    11 |    32 |    34 ||    90
         Distracted        |     1 |     1 |       |     2 ||     4
         Confused          |       |     8 |    10 |    27 ||    45
 Armour: Robe              |    17 |    25 |    12 |       ||    54
         Steam dragon scal |       |       |       |    34 ||    34
  Dodge: Dodged            |    56 |   157 |   138 |   135 ||   486
